 Dungeon Crawl Stone Soup version 0.18-a0-1347-gb9e2fb4 (webtiles) character file.

21224 Duffy the Thaumaturge (level 12, 76/76 (77) HPs)
             Began as a Tengu Conjurer on Feb 18, 2016.
             Was a High Priest of Vehumet.
             Quit the game on level 3 of the Lair of Beasts.
             The game lasted 00:34:31 (20520 turns).

Duffy the Thaumaturge (Tengu Conjurer)             Turns: 20520, Time: 00:34:32

HP:   76/76 (77)    AC:  5    Str: 10    XL:     12   Next: 87%
MP:   28/28         EV: 18    Int: 20    God:    Vehumet [*****.]
Gold: 590           SH:  0    Dex: 14    Spells: 5 memorised, 18 levels left

rFire  . . .     SeeInvis +     V - staff of wizardry
rCold  . . .     Gourm    .     N - +1 robe {MR+}
rNeg   . . .     Faith    .     (no shield)
rPois  .         Spirit   .     K - +0 hat
rElec  .         Dismiss  .     R - +0 cloak
rCorr  .         Reflect  .     J - +0 pair of gloves
SustAt .         Harm     .     (boots unavailable)
MR     ++...                    G - amulet of regeneration
Stlth  ++........               L - ring of see invisible
                                q - ring of protection from magic

@: very resistant to hostile enchantments, unstealthy
A: beak, talons 3, able to fly 1
a: Fly, Renounce Religion


You were on level 3 of the Lair of Beasts.
You worshipped Vehumet.
Vehumet was extremely pleased with you.
You were very hungry.

You visited 2 branches of the dungeon, and saw 14 of its levels.
You also visited: Ossuary.

You collected 627 gold pieces.
You spent 37 gold pieces at shops.


Innate Abilities, Weirdness & Mutations

You have a beak for a mouth.
You have claws for feet.
You can fly.


   Skills:
 - Level 10.0 Fighting
 - Level 10.0 Dodging
 - Level 2.0 Stealth
 + Level 11.6 Spellcasting
 - Level 10.4 Conjurations
 - Level 5.0 Charms
 - Level 6.2 Air Magic


You had 18 spell levels left.
You knew the following spells:

 Your Spells              Type           Power        Failure   Level  Hunger
a - Magic Dart            Conj           ####         1%          1    None
c - Iskenderun's Mystic   Conj           ######..     1%          4    #......
i - Iskenderun's Battles  Conj/Chrm      #####...     1%          5    ####...
n - Airstrike             Air            #####.....   1%          4    #......
s - Searing Ray           Conj           ######       1%          2    None

Inventory:

Armour
 H - a troll hide
 J - a +0 pair of gloves (worn)
 K - a +0 hat (worn)
 N - a +1 robe of magic resistance (worn)
 R - a +0 cloak (worn)
Magical Staves
 V - an uncursed staff of wizardry (weapon)
Jewellery
 q - a ring of protection from magic (left hand)
 G - an amulet of regeneration (around neck)
 L - a ring of see invisible (right hand)
Wands
 v - a wand of lightning (0/15)
 x - a wand of acid (3/15)
 I - a wand of teleportation (9/9)
 M - a wand of acid (13/15)
 O - a wand of disintegration (12/24)
 S - a wand of iceblast (9/15)
 W - a wand of disintegration (11/24)
Scrolls
 f - 2 scrolls of blinking
 h - 6 scrolls of remove curse
 l - a scroll of teleportation
 n - 2 scrolls of magic mapping
 p - a scroll of fear
 s - 3 scrolls of enchant weapon
 C - 2 scrolls of recharging
 E - a scroll of fog
 F - 2 scrolls of enchant armour
Potions
 e - 9 potions of curing
 g - 2 potions of resistance
 i - 4 potions of brilliance
 j - 4 potions of heal wounds
 k - a potion of ambrosia {unknown}
 m - 3 potions of invisibility
 r - 2 potions of cure mutation
 t - 2 potions of agility
 w - 3 potions of lignification
 A - a potion of haste
 B - a potion of flight
 D - a potion of might
 P - a potion of cancellation
Books
 b - a book of Conjurations
 u - Sif Muna's Grimoire of the Mountains

   Spells                             Type                      Level
   a - Sandblast                      Earth                        1
 z - a book of Burglary
 T - a book of Cantrips
Comestibles
 a - 2 beef jerkies
 c - 2 bread rations
 d - 7 meat rations
 Q - 11 fruits
 U - a slice of pizza

Dungeon Overview and Level Annotations

Branches:
Dungeon (11/15)            Temple (0/1) D:6            Lair (3/8) D:10
    Orc (0/2) D:11
  Swamp: Lair:3-6    Shoals: Lair:3-6     Snake: Lair:3-6    Spider: Lair:3-6

Altars:
Ashenzari
Gozag
Nemelex Xobeh
Ru
Sif Muna
Trog
Vehumet
The Shining One

Shops:
D:10 *

Annotations:
D:6 2 exclusions


Message History

You kill the butterfly!
The orb of energy explodes!
Cast which spell? (? or * to list)
Aiming: Iskenderun's Mystic Blast
Press: ? - help, Shift-Dir - straight line, f/p - spiny frog
Aim: a spiny frog (moderately wounded)
The orb of energy hits the spiny frog.
The spiny frog is heavily wounded.
Cast which spell? (? or * to list)
Aiming: Iskenderun's Mystic Blast
Press: ? - help, Shift-Dir - straight line, f/p - spiny frog
Aim: a spiny frog (heavily wounded)
The orb of energy hits the spiny frog.
The spiny frog is heavily wounded.
Cast which spell? (? or * to list)
Aiming: Iskenderun's Mystic Blast
Press: ? - help, Shift-Dir - straight line, f/p - spiny frog
Aim: a spiny frog (heavily wounded)
The orb of energy hits the spiny frog.
You kill the spiny frog!
Vehumet accepts your kill.
You feel your power returning.
Cast which spell? (? or * to list)
You can't see any susceptible monsters within range! (Use Z to cast anyway.) Cast which spell? (? or * to list)
You can't see any susceptible monsters within range! (Use Z to cast anyway.) Cast which spell? (? or * to list)
You can't see any susceptible monsters within range! (Use Z to cast anyway.)
You start resting.
Magic restored.
Drink which item? (? for menu, Esc to quit)
It was a potion of cancellation.
You feel magically purged.
Read which item? (? for menu, Esc to quit)
Okay, then.
Are you sure you want to abandon this character and quit the game? (Confirm with "yes".)

...... #..
...P.. #..##
...P..###....#
......#....##
...........# .
#..........
....##.........
.......@.......
...............
##.............
###[..........
###.........
.>........
..........
...........


There were no monsters in sight!

Action                   |  1- 3 |  4- 6 |  7- 9 | 10-12 || total
-------------------------+-------+-------+-------+-------++-------
Melee: Unarmed           |       |       |       |     2 ||     2
 Cast: Magic Dart        |    69 |    56 |   221 |   306 ||   652
       Searing Ray       |     2 |    11 |    43 |    37 ||    93
       Iskenderun's Myst |       |     2 |    18 |   122 ||   142
       Iskenderun's Batt |       |       |     6 |    77 ||    83
 Abil: Fly               |       |       |     1 |       ||     1
Evoke: Wand              |       |       |     2 |     4 ||     6
  Use: Scroll            |       |     9 |     6 |    11 ||    26
       Potion            |       |       |       |     1 ||     1
  Eat: Chunk             |     2 |     8 |    15 |    49 ||    74
       Bread ration      |       |       |     2 |       ||     2
       Pizza             |       |       |     1 |     1 ||     2
       Beef jerky        |       |       |       |     1 ||     1

Notes
Turn   | Place    | Note
--------------------------------------------------------------
     0 | D:1      | Duffy the Tengu Conjurer began the quest for the Orb.
     0 | D:1      | Reached XP level 1. HP: 10/10 MP: 4/4
   234 | D:1      | Reached XP level 2. HP: 15/15 MP: 3/6
   238 | D:1      | Learned a level 2 spell: Searing Ray
   661 | D:1      | Reached XP level 3. HP: 19/19 MP: 4/8
   959 | D:1      | Reached skill level 3 in Spellcasting
  1227 | D:2      | Reached skill level 6 in Conjurations
  1358 | D:2      | Found a faded altar to an unknown god.
  1662 | D:2      | Reached XP level 4. HP: 24/24 MP: 7/9
  1685 | D:2      | Learned a level 4 spell: Iskenderun's Mystic Blast
  1945 | D:3      | Found a bloodstained altar of Trog.
  2514 | D:3      | Gained mutation: You can fly. [Tengu growth]
  2514 | D:3      | Reached XP level 5. HP: 28/28 MP: 6/11
  2537 | D:3      | Reached skill level 7 in Conjurations
  2834 | D:3      | Reached skill level 4 in Spellcasting
  2953 | D:3      | Reached XP level 6. HP: 14/32 MP: 8/13
  3139 | D:3      | Learned a level 5 spell: Iskenderun's Battlesphere
  3439 | D:4      | Reached skill level 1 in Charms
  3736 | D:4      | Reached skill level 2 in Charms
  3736 | D:4      | Reached XP level 7. HP: 36/36 MP: 9/15
  3797 | D:4      | Found a sacrificial altar of Ru.
  3814 | D:4      | Found a shattered altar of Ashenzari.
  3826 | D:4      | Found a radiant altar of Vehumet.
  3840 | D:5      | Entered Level 5 of the Dungeon
  3857 | D:5      | Reached skill level 8 in Conjurations
  4036 | D:5      | Reached skill level 3 in Charms
  4345 | D:5      | Reached skill level 5 in Spellcasting
  4579 | D:5      | Reached XP level 8. HP: 20/41 MP: 11/16
  4776 | D:4      | Became a worshipper of Vehumet
  4837 | D:4      | Reached skill level 1 in Fighting
  4971 | D:4      | Reached skill level 4 in Charms
  5085 | D:4      | Reached skill level 2 in Fighting
  5335 | D:4      | Reached * piety under Vehumet
  5335 | D:4      | Offered knowledge of Flame Tongue by Vehumet.
  5335 | D:4      | Reached skill level 3 in Fighting
  5595 | D:4      | Found a deep blue altar of Sif Muna.
  5617 | D:4      | Identified Sif Muna's Grimoire of the Mountains (You found it on level 4 of the Dungeon)
  6500 | D:5      | Reached skill level 4 in Fighting
  6500 | D:5      | Reached skill level 5 in Charms
  7052 | D:6      | Reached skill level 3 in Dodging
  7052 | D:6      | Reached XP level 9. HP: 28/52 MP: 12/18
  7139 | D:6      | Found a sand-covered staircase.
  7149 | Ossuary  | Entered an ossuary
  7349 | Ossuary  | Offered knowledge of Sting by Vehumet.
  7380 | Ossuary  | Reached ** piety under Vehumet
  7888 | Ossuary  | Noticed Menkaure
  7898 | Ossuary  | Killed Menkaure
  7898 | Ossuary  | Reached skill level 9 in Conjurations
  8190 | D:6      | Found a staircase to the Ecumenical Temple.
  8627 | D:7      | Reached skill level 6 in Spellcasting
  9437 | D:7      | Offered knowledge of Stone Arrow by Vehumet.
  9437 | D:7      | Reached skill level 4 in Dodging
  9558 | D:7      | Noticed a cyclops
  9659 | D:7      | Killed a cyclops
  9659 | D:7      | Reached skill level 7 in Spellcasting
 10256 | D:8      | Reached *** piety under Vehumet
 10256 | D:8      | Reached skill level 10 in Conjurations
 10551 | D:8      | Reached skill level 5 in Dodging
 10673 | D:8      | Reached XP level 10. HP: 56/56 MP: 20/22
 10807 | D:8      | Reached skill level 8 in Spellcasting
 11279 | D:8      | Found a glowing golden altar of the Shining One.
 11382 | D:9      | Offered knowledge of Ignite Poison by Vehumet.
 11594 | D:9      | Found a sparkling altar of Nemelex Xobeh.
 11595 | D:9      | Found an opulent altar of Gozag.
 11734 | D:9      | Reached skill level 5 in Fighting
 11736 | D:9      | Reached skill level 6 in Dodging
 12389 | D:10     | Entered Level 10 of the Dungeon
 12416 | D:10     | Reached skill level 6 in Fighting
 12706 | D:10     | Reached skill level 7 in Dodging
 12731 | D:10     | Noticed a hill giant
 12732 | D:10     | Noticed a hill giant
 12899 | D:10     | Reached skill level 7 in Fighting
 12906 | D:10     | Reached **** piety under Vehumet
 12907 | D:10     | Paralysed by a wasp for 1 turns
 12908 | D:10     | Reached XP level 11. HP: 44/66 MP: 10/24
 12932 | D:10     | Offered knowledge of Inner Flame by Vehumet.
 13054 | D:10     | Noticed a hill giant
 13071 | D:10     | Killed a hill giant
 13071 | D:10     | Reached skill level 9 in Spellcasting
 13596 | D:10     | Reached skill level 8 in Fighting
 13688 | D:10     | Found a staircase to the Lair.
 13850 | D:10     | Reached skill level 8 in Dodging
 13978 | D:10     | Killed a hill giant
 14153 | D:10     | Killed a hill giant
 14314 | D:10     | Found Tibi's General Store.
 14322 | D:10     | Bought a potion of mutation for 37 gold pieces
 14572 | D:10     | Reached skill level 9 in Fighting
 15280 | D:10     | Reached ***** piety under Vehumet
 15669 | D:11     | Offered knowledge of Airstrike by Vehumet.
 15672 | D:11     | Reached skill level 9 in Dodging
 15725 | D:11     | Learned a level 4 spell: Airstrike
 16026 | D:11     | Reached XP level 12. HP: 66/76 MP: 20/26
 16198 | D:11     | Found a staircase to the Orcish Mines.
 16220 | D:11     | Reached skill level 10 in Fighting
 16753 | D:11     | Reached skill level 10 in Dodging
 16806 | D:11     | Reached skill level 10 in Spellcasting
 17103 | D:11     | Reached skill level 1 in Air Magic
 17260 | D:11     | Reached skill level 2 in Air Magic
 17598 | Lair:1   | Entered Level 1 of the Lair of Beasts
 17602 | Lair:1   | Reached skill level 3 in Air Magic
 18565 | Lair:2   | Reached skill level 4 in Air Magic
 18787 | Lair:2   | Reached skill level 5 in Air Magic
 19180 | Lair:1   | Reached skill level 6 in Air Magic
 19666 | Lair:2   | Reached skill level 11 in Spellcasting
 20249 | Lair:2   | Noticed an eight-headed hydra
 20254 | Lair:2   | Killed an eight-headed hydra
 20254 | Lair:2   | Offered knowledge of Bolt of Magma by Vehumet.
 20352 | Lair:3   | Noticed a four-headed hydra
 20356 | Lair:3   | Killed a four-headed hydra
 20520 | Lair:3   | Quit the game

Vault maps used:
D:1:      dpeg_arrival_lava_temple_mockup
D:2:      first_bread, ecumenical_altar_1
D:3:      nicolae_overflow_crystal_walls
D:4:      old_standard_altar, led_sif_book, nicolae_overflow_hidden_temple
D:6:      kennysheep_windowed_halls, temple_hall, nicolae_ossuary_entry_monument
D:7:      lemuel_ice_spiral_2
D:8:      nicolae_tso_swordbearing_angel, minmay_misc_feat_diagonals
D:9:      grunt_temple_overflow_opulence
D:10:     erik_lair_orcish_takeover, serial_shops, shop, kennysheep_kite_vault
D:11:     orc_0_dummy
Lair:1:   st_stairs_5, lemuel_fruit_tree
Lair:2:   serial_bayou_shore_b
Lair:3:   serial_bayou_shore_a, lemuel_fruit_fields
Ossuary:  ossuary_due_pyramid

Vanquished Creatures
  2 hydras
  3 hill giants
  An ugly thing
  2 cyclopes
  5 spiny frogs
  2 komodo dragons
  2 trolls
  2 two-headed ogres
  25 yaks
  A wyvern
  7 hippogriffs Menkaure
  A basilisk
  2 wargs
  2 hungry ghosts
  A soldier ant
  3 wolves
  4 porcupines
  5 water moccasins
  4 orc warriors
  2 sky beasts
  2 wasps
  3 black bears
  2 necrophages
  8 ogres
  A phantom
  5 ice beasts
  2 crocodiles
  16 centaurs
  A wyvern zombie
  7 giant frogs
  3 jellies
  2 scorpions
  10 killer bees
  5 wights
  4 crimson imps
  A centaur zombie
  A quasit
  4 giant frog zombies
  3 centaur skeletons
  4 hounds
  11 orc priests
  8 iguanas
  10 worker ants
  13 orc wizards
  2 killer bee zombies
  2 sheep
  2 hound skeletons
  3 mummies
  2 worker ant zombies
  7 river rats
  16 adders
  3 shadow imps
  2 oozes
  2 adder skeletons
  2 worms
  9 giant geckos
  41 orcs
  4 ball pythons
  2 giant cockroaches
  4 gnoll zombies
  7 goblins
  3 hobgoblins
  12 jackals
  5 quokkas
  8 bats
  A giant gecko skeleton
  7 giant newts
  6 gnoll skeletons
  5 goblin skeletons
  2 goblin zombies
  4 hobgoblin skeletons
  3 hobgoblin zombies
  A kobold
  3 kobold skeletons
  4 kobold zombies
  4 orc skeletons
  7 orc zombies
  7 rats
  3 rat skeletons
  5 rat zombies
  A butterfly
  A fungus
  A plant
406 creatures vanquished.
